 Dungeon Crawl Stone Soup version 0.30-a0-373-gd37427bb62 (webtiles) character file.

Game seed: 12098576527861115597

21 Stoves66 the Trooper (level 2, 0/27 HPs)
             Began as a Minotaur Fighter on Nov 24, 2022.
             Slain by Sigmund
             ... wielding a +2 scythe of flaming
              (8 damage)
             ... on level 2 of the Dungeon.
             The game lasted 00:02:27 (838 turns).

Stoves66 the Trooper (Minotaur Fighter)              Turns: 838, Time: 00:02:27

Health: 0/27       AC:  7    Str: 20    XL:     2   Next: 65%
Magic:  1/1        EV:  9    Int:  5    God:
Gold:   50         SH:  4    Dex:  9    Spells: 1/1 levels left

rFire   . . .      SeeInvis .    a - +0 war axe
rCold   . . .      Faith    .    c - +0 buckler
rNeg    . . .      Spirit   .    b - +0 scale mail
rPois   .          Reflect  .    e - +0 hat
rElec   .          Harm     .    (no cloak)
rCorr   .          Rampage  .    (no gloves)
Will    .....                    (no boots)
Stlth   ..........               (no amulet)
HPRegen 0.24/turn                (no ring)
MPRegen 0.07/turn                (no ring)

@: mighty
A: horns 2, retaliatory headbutt
a: no special abilities


You were on level 2 of the Dungeon.
You visited 1 branch of the dungeon, and saw 2 of its levels.

You collected 50 gold pieces.

Inventory:

Hand Weapons
 a - a +0 war axe (weapon)
Armour
 b - a +0 scale mail (worn)
 c - a +0 buckler (worn)
 e - a +0 hat (worn)
Jewellery
 g - a ring of magical power
Scrolls
 i - a scroll of identify {unknown}
 j - a scroll of fear {unknown}
 k - a scroll of teleportation {unknown}
Potions
 f - a potion of berserk rage {unknown}
 h - a potion of flight {unknown}


   Skills:
 + Level 4.0 Fighting
 + Level 2.9 Axes
 + Level 4.0 Armour
 + Level 3.9 Shields


You had one spell level left.
You didn't know any spells.
Your spell library contained the following spells:

 Spells                   Type           Power      Damage    Failure   Level
 Sublimation of Blood     Necr           0%         N/A       96%         2
 Petrify                  Tmut/Erth      0%         N/A       100%        4
 Irradiate                Conj/Tmut      0%         3d11      100%        5


Dungeon Overview and Level Annotations

Branches:
Dungeon (2/15)

Altars:

Annotations:
D:2 Sigmund


Innate Abilities, Weirdness & Mutations

You have a pair of horns on your head.
You reflexively headbutt those who attack you in melee.


Message History

Sigmund is moderately wounded.
Sigmund whispers, "You'll know eternity soon."
Sigmund closely misses you.
You barely miss Sigmund. Your headbutt misses Sigmund.
Sigmund is moderately wounded.
You closely miss the goblin. Sigmund barely misses you.
The goblin hits you with a +0 dagger. The goblin hits you but does no damage.
You closely miss Sigmund.
Sigmund is moderately wounded.
You hit the goblin.
You kill the goblin!
Sigmund gestures at you while chanting. The puff of flame hits you.
Sigmund gestures at you while chanting.
You are confused.
Your Armour skill increases to level 4!
You feel very mighty all of a sudden. Sigmund hits you but does no damage.
You miss Sigmund.
Sigmund is moderately wounded.
You closely miss Sigmund.
Sigmund is moderately wounded.
Sigmund points at you and mumbles some strange words.
The magic dart hits you but does no damage.
Sigmund hits you with a +2 scythe of flaming.
Sigmund burns you.
You're too confused to move!
You miss Sigmund.
Sigmund is moderately wounded.
Sigmund closely misses you.
You slash Sigmund!
Sigmund is almost dead.
You feel less confused.
Sigmund hits you with a +2 scythe of flaming!
Sigmund burns you.
* * * LOW HITPOINT WARNING * * *
You closely miss Sigmund.
Sigmund is almost dead.
Sigmund hits you with a +2 scythe of flaming!
You die...

............
###...........
...........?.
##......[...
#.##........#
#......<....# .
.?#....#....#...
#.............
#.....@)......
......@....#...
....#.....>.....
............#...
................
......#########
...... ######


You could see Sigmund.

Vanquished Creatures
  2 dart slugs (D:1)
  A ball python (D:1)
  2 bats (D:1)
  An endoplasm (D:1)
  A hobgoblin (D:1)
  A kobold (D:1)
  2 quokkas (D:1)
  2 frilled lizards (D:1)
  2 goblins
  2 rats (D:1)
16 creatures vanquished.

Notes
Turn   | Place    | Note
-------+----------+-------------------------------------------
     0 | D:1      | Stoves66 the Minotaur Fighter began the quest for the Orb.
     0 | D:1      | Reached XP level 1. HP: 19/19 MP: 0/0
   409 | D:1      | Reached XP level 2. HP: 27/27 MP: 1/1
   825 | D:2      | Noticed Sigmund
   838 | D:2      | Slain by Sigmund

Illustrated notes

Levels and vault maps discovered:
D:1:      roderic_lyre, layout_basic, minmay_misc_feat_cross
D:2:      layout_basic, uniq_sigmund, uniq_natasha

Skill      XL: |  1  2 |
---------------+-------+-----
Fighting       | 4 |  4.0
Armour         | 4 |  4.0
Axes           | |  2.9
Shields        | |  3.9

Action                   || total
-------------------------++-------
Melee: War axe           ||    42
       Headbutt          ||     5
  Use: Potion            ||     1
Armor: Scale mail        ||    28
Dodge: Dodged            ||    22
Block: Buckler           ||    11

Table legend: (Time is in decaauts)
 A = Elapsed time spent in this place.
 B = Non-inter-level travel time spent in this place.
 C = Inter-level travel time spent in this place.
 D = Time resting spent in this place.
 E = Time spent auto-exploring this place.
 F = Levels seen in this place.
 G = Mean time per level.
                   A        B        C        D        E       F      G
               +--------+--------+--------+--------+--------+-----+--------+
         Total |    854 |    789 |     65 |      0 |    658 |   2 |  427.0 |
       Dungeon |    854 |    789 |     65 |      0 |    658 |   2 |  427.0 |
               +--------+--------+--------+--------+--------+-----+--------+

Top non-repeatable levels by time:
     D:1: 837 daAuts
     D:2: 16 daAuts
